 Dungeon Crawl Stone Soup version 0.26-a0-738-g91b530ce93 (webtiles) character file.

Game seed: 1475590629508146910

5 Descartes the Sneak (level 1, -11/10 HPs)
             Began as a Felid Delver on Nov 5, 2020.
             Mangled by an ice beast (15 damage)
             ... on level 4 of the Dungeon.
             The game lasted 00:02:05 (167 turns).

Descartes the Sneak (Felid Delver)                   Turns: 167, Time: 00:02:05

Health: -11/10     AC:  1    Str:  8    XL:     1   Next: 66%
Magic:  2/2        EV: 18    Int: 11    God:
Gold:   0          SH:  0    Dex: 17    Spells: 0/0 levels left
                                        Lives:  0   Deaths: 0

rFire    + . .     SeeInvis +     - Unarmed
rCold    x . .     Faith    .   (shield unavailable)
rNeg     . . .     Spirit   .   (armour unavailable)
rPois    .         Reflect  .   (helmet unavailable)
rElec    .         Harm     .   (cloak unavailable)
rCorr    .         Rampage  .   (gloves unavailable)
MR       .....                  (boots unavailable)
Stlth    ++++......             (no amulet)
HPRegen  0.03/turn              h - ring of fire
MPRegen  0.08/turn              (no ring)

@: quick
A: very small, no armour, no weapons or thrown items, stealth, claws 1, fangs 3,
see invisible, speed 1, shaggy fur 1, sharp paws
a: no special abilities


You were on level 4 of the Dungeon.
You visited 1 branch of the dungeon, and saw 2 of its levels.

Inventory:

Jewellery
 h - a ring of fire (left paw)
Wands
 e - a wand of digging (3)
Scrolls
 a - a scroll of fog
 b - a scroll of magic mapping
 c - a scroll of fear
 f - a scroll of immolation {unknown}
 g - a scroll of identify {unknown}
 j - a scroll of enchant armour {unknown}
Potions
 d - a potion of haste
 k - a potion of degeneration {unknown}


   Skills:
 + Level 3.1 Fighting
 + Level 2.7 Dodging
 + Level 6.9 Stealth
 + Level 2.0 Unarmed Combat


You couldn't memorise any spells.
You didn't know any spells.
Your spell library was empty.

Dungeon Overview and Level Annotations

Branches:
Dungeon (5/15)
 Temple: D:4-7

Altars:

Shops:
D:5 *

Annotations:
D:4 Eustachio


Innate Abilities, Weirdness & Mutations

You cannot wear armour.
You are incapable of wielding weapons or throwing items.
Your paws allow you to move quietly. (Stealth)
You have sharp claws.
You have razor-sharp teeth.
You have supernaturally acute eyesight. (SInv)
You cover ground quickly.
You are covered in fur. (AC +1)
Your sharp claws are effective at attacking unaware monsters.


Message History

You miss Eustachio.
Eustachio is severely wounded.
Eustachio asks, "How can you live without manners, virtues and honour?"
Eustachio barely misses you. The ice beast closely misses you.
You completely miss Eustachio. You bite Eustachio.
Eustachio is severely wounded.
Eustachio mumbles some strange words.
Eustachio blinks!
The ice beast barely misses you.
You closely miss Eustachio.
Eustachio is severely wounded.
Eustachio casts a spell.
Eustachio blinks!
The ice beast barely misses you.
You scratch the iron imp.
The iron imp is lightly wounded.
The iron imp completely misses you. The iron imp barely misses you.
You scratch the iron imp.
The iron imp is lightly wounded.
The ice beast hits you. The ice beast freezes you!
You feel a terrible chill!
Ouch! That really hurt!
You die...

....#.......... #
#..##[..##..# #
#..##...##..####
#...............
#...............
#..##.####+#####
###+#####..##.##.
..<...5.Y........
......5@.O.......
##...##....#####.
#.. #@...# ##
......# .......#
.##.##.## #+ #.#
## ...


You could see Eustachio, an ice beast, an ogre and 2 iron imps.

Vanquished Creatures
  4 goblins (D:4)
4 creatures vanquished.

Notes
Turn   | Place    | Note
-------+----------+-------------------------------------------
     0 | D:5      | Descartes the Felid Delver began the quest for the Orb.
     0 | D:5      | Reached XP level 1. HP: 10/10 MP: 2/2
    31 | D:5      | Noticed a wyvern
   104 | D:4      | Noticed an ogre
   143 | D:4      | Noticed an ice beast
   155 | D:4      | Noticed Eustachio
   163 | D:4      | Noticed an iron imp
   163 | D:4      | Noticed an iron imp
   167 | D:4      | Mangled by an ice beast

Illustrated notes

Levels and vault maps discovered:
D:4:      layout_gridville, kennysheep_little_box, kennysheep_mini,
          minmay_ogre_servants, uniq_eustachio
D:5:      cheibrodos_fzero, layout_basic, kennysheep_mini_moat, serial_shops,
          nicolae_shop_overgrown_old_shop, shop, shop,
          nicolae_shop_overgrown_old_shop, shop

Action                   || total
-------------------------++-------
Melee: Unarmed           ||     9
       Bite              ||     1
Evoke: Wand              ||     9
 Stab: Sleeping          ||     1
Dodge: Dodged            ||    12

Table legend: (Time is in decaauts)
 A = Elapsed time spent in this place.
 B = Non-inter-level travel time spent in this place.
 C = Inter-level travel time spent in this place.
 D = Time resting spent in this place.
 E = Time spent auto-exploring this place.
 F = Levels seen in this place.
 G = Mean time per level.
                   A        B        C        D        E       F      G
               +--------+--------+--------+--------+--------+-----+--------+
         Total |    138 |    138 |      0 |      0 |     53 |   2 |   69.0 |
       Dungeon |    138 |    138 |      0 |      0 |     53 |   2 |   69.0 |
               +--------+--------+--------+--------+--------+-----+--------+

Top non-repeatable levels by time:
     D:4: 102 daAuts
     D:5: 36 daAuts
